 Dungeon Crawl Stone Soup version 0.23.2-1-ga50397a6bc (webtiles) character file.

Game seed: 978024607738413920

94 Goodini51 the Shooter (level 4, -3/36 HPs)
             Began as a Demigod Hunter on May 27, 2019.
             Slain by a goblin
             ... wielding a +0 dagger
             ... led by Robin
              (6 damage)
             ... on level 3 of the Dungeon on May 29, 2019.
             The game lasted 00:10:34 (2351 turns).

Goodini51 the Shooter (Demigod Hunter)              Turns: 2351, Time: 00:10:35

Health: -3/36      AC:  4    Str: 12 (15) XL:     4   Next: 16%
Magic:  6/6        EV: 14    Int: 13 (15) God:
Gold:   146        SH:  0    Dex: 17 (18) Spells: 3/3 levels left

rFire    . . .     SeeInvis .   p - +3 trident
rCold    . . .     Gourm    .   (no shield)
rNeg     + . .     Faith    .   q - +1 leather armour {rN+}
rPois    .         Spirit   .   (no helmet)
rElec    .         Reflect  .   (no cloak)
rCorr    .         Harm     .   (no gloves)
MR       .....                  (no boots)
Stlth    ++........             (no amulet)
HPRegen  0.12/turn              s - +2 ring of evasion
MPRegen  0.10/turn              (no ring)

@: about to teleport
A: high mp 1
a: no special abilities


You were on level 3 of the Dungeon.
You were hungry.

You visited 1 branch of the dungeon, and saw 3 of its levels.

You collected 146 gold pieces.

Inventory:

Hand Weapons
 a - a +1 shortbow
 b - a +0 short sword
 p - a +3 trident (weapon)
Missiles
 c - 12 bolts
 d - 6 arrows
Armour
 q - a +1 leather armour of positive energy (worn)
Jewellery
 s - a +2 ring of evasion (left hand)
Scrolls
 h - a scroll of fog
 j - a scroll of identify
 k - a scroll of enchant armour
 l - 2 scrolls of enchant weapon
 m - a scroll of teleportation
 n - a scroll of amnesia {unknown}
 r - a scroll of immolation {unknown}
 t - a scroll of remove curse {unknown}
Potions
 e - 2 potions of heal wounds {unknown}
 g - 2 potions of curing
 i - 2 potions of degeneration
 o - 2 potions of agility {unknown}
Comestibles
 f - 4 rations


   Skills:
 + Level 2.0 Fighting
 + Level 0.8 Short Blades
 * Level 0.1 Polearms
 * Level 4.9 Bows
 + Level 0.7 Armour
 + Level 1.7 Dodging
 + Level 0.8 Stealth


You had 3 spell levels left.
You didn't know any spells.
Your spell library was empty.

Dungeon Overview and Level Annotations

Branches:
Dungeon (3/15)

Annotations:
D:3 Robin


Innate Abilities, Weirdness & Mutations

You have an increased reservoir of magic. (+10% MP)


Message History

You feel weakened.
You feel dopey.
You feel clumsy. The goblin hits you but does no damage. The goblin misses you.
The hobgoblin completely misses you.
Robin's bangles clink loudly.
The goblin closely misses you.
It was a potion of curing.
You feel better.
You are feeling hungry.
The goblin hits you but does no damage. The goblin hits you with a +0 dagger.
* * * LOW HITPOINT WARNING * * *
The hobgoblin hits you.
* * * LOW HITPOINT WARNING * * *
The goblin hits you with a +0 dagger.
* * * LOW HITPOINT WARNING * * *
Attack whom?
Press: ? - help, Dir - move target cursor, f/p - Robin
Aim: Robin, wielding a +0 spear, wearing a cursed +0 animal skin, wearing a +2 helmet and carrying a wand of polymorph (11)
The hobgoblin is in the way.
You hit the hobgoblin.
The hobgoblin is almost dead.
The goblin hits you with a +0 dagger.
You die...

####.†.#####..###
.........>..##..###
#..####...<(........
#..........#.##..###
###.#####..........#
.. ###...###.....#
#. #.....#.####...
#.###g........ ...
#ggg@gg.....#.. ..
.......g##g.......#
<..............#.##
.#.###.####..###.# #
#. #..# # #. #..# ..
..# ## .. ## ..


You could see Robin, a hobgoblin and 6 goblins.

Vanquished Creatures
  An adder (D:2)
  A shadow imp (D:3)
  An ooze (D:3)
  A dart slug (D:3)
  5 orcs (D:3)
  A ball python (D:3)
  3 giant cockroaches
  11 goblins
  13 hobgoblins
  A jackal (D:1)
  8 bats
  4 frilled lizards
  4 kobolds
  7 rats
61 creatures vanquished.

Notes
Turn   | Place    | Note
-------+----------+-------------------------------------------
     0 | D:1      | Goodini51 the Demigod Hunter began the quest for the Orb.
     0 | D:1      | Reached XP level 1. HP: 17/17 MP: 3/3
    73 | D:1      | Reached skill level 4 in Bows
   151 | D:1      | Reached XP level 2. HP: 19/24 MP: 4/4
   984 | D:2      | Reached XP level 3. HP: 25/29 MP: 5/5
  2148 | D:3      | Noticed an ogre
  2235 | D:3      | Reached XP level 4. HP: 36/36 MP: 6/6
  2336 | D:3      | Noticed Robin
  2351 | D:3      | Slain by a goblin

Skill      XL: |  1  2  3 |
---------------+----------+-----
Bows           | 4 |  4.9
Fighting       | 2 |  2.0
Short Blades   | |  0.8
Polearms       | |  0.1
Armour         | |  0.7
Dodging        | |  1.7
Stealth        | |  0.8

Action                   |  1- 3 |  4- 6 || total
-------------------------+-------+-------++-------
Melee: Short sword       |    72 |       ||    72
       Trident           |     2 |    27 ||    29
 Fire: Shortbow          |    80 |       ||    80
  Use: Scroll            |     4 |     2 ||     6
       Potion            |       |     2 ||     2
  Eat: Chunk             |     4 |       ||     4
Armor: Leather armour    |    29 |    16 ||    45
Dodge: Dodged            |    65 |    45 ||   110
